PCL
ALBUQUERQUE ISOTOPES @ CALGARY COWBOYS
04/28/2024
 
TOP OF THE 1ST
Albuquerque Isotopes batting - Pitching for Calgary Cowboys : RHP Abraham Hes
Pitching: RHP Abraham Hes
Batting: SHB Tony McLaughlin 0-0: Ball
1-0: Foul Ball, location: 2F
1-1: Ball
2-1: Foul Ball, location: 2F
2-2: Foul Ball, location: 2F
2-2: Ball
3-2: Base on Balls
Batting: RHB Doug Stephens 0-0: Ground out 4-3 (Groundball, 4)
Tony McLaughlin to second
Batting: LHB Donald Camp 0-0: SINGLE (Groundball, 13) (infield hit)
Tony McLaughlin to third
Batting: RHB Edward Young 0-0: Called Strike
0-1: Fly out, F6 (Popup, 5F)
Batting: LHB Mark Vestal 0-0: Ball
1-0: Foul Ball, location: 2F
1-1: Ball
2-1: SINGLE (Flyball, 7S)
Tony McLaughlin scores
Donald Camp to second
Batting: LHB Domingo Cardona 0-0: Called Strike
0-1: Foul Ball, location: 2F
0-2: Ground out 4-3 (Groundball, 34)
Top of the 1st over - 1 run(s), 2 hit(s), 0 error(s), 2 left on base; Albuquerque 1 - Calgary 0
BOTTOM OF THE 1ST
Calgary Cowboys batting - Pitching for Albuquerque Isotopes : RHP Juan Marín
Pitching: RHP Juan Marín
Batting: RHB Clark Hodge 0-0: SOLO HOME RUN (Flyball, 7D), Distance : 383 ft
Batting: RHB Mike Wilcox 0-0: Ball
1-0: Ball
2-0: Called Strike
2-1: Ball
3-1: Base on Balls
Batting: RHB Ramón Martínez 0-0: Grounds into double play, 6-4-3 (Groundball, 6M)
Batting: RHB Cristián Peña 0-0: Called Strike
0-1: Foul Ball, location: 2F
0-2: Ball
1-2: Ball
2-2: Strikes out swinging
Bottom of the 1st over - 1 run(s), 1 hit(s), 0 error(s), 0 left on base; Albuquerque 1 - Calgary 1
TOP OF THE 2ND
Albuquerque Isotopes batting - Pitching for Calgary Cowboys : RHP Abraham Hes
Batting: RHB Cristián Herrera 0-0: Ball
1-0: Ball
2-0: Swinging Strike
2-1: Ground out 5-3 (Groundball, 5L)
Batting: RHB Sze Qi 0-0: Foul Ball, location: 2F
0-1: SINGLE (Groundball, 56D)
Batting: RHB Len Burke Pickoff Throw to First - Out!
0-0: Ball
1-0: SINGLE (Groundball, 4MD)
Batting: SHB Tony McLaughlin 0-0: Called Strike
0-1: Fielders Choice at 2nd, U6 (Groundball, 6M)
Top of the 2nd over - 0 run(s), 2 hit(s), 0 error(s), 1 left on base; Albuquerque 1 - Calgary 1
BOTTOM OF THE 2ND
Calgary Cowboys batting - Pitching for Albuquerque Isotopes : RHP Juan Marín
Batting: RHB Dan Wyatt 0-0: Ball
1-0: Ball
2-0: Called Strike
2-1: Foul Ball, location: 2F
2-2: Foul Ball, location: 2F
2-2: Ball
3-2: Foul Ball, location: 2F
3-2: Foul Ball, location: 2F
3-2: SINGLE (Groundball, 5D)
Batting: RHB Mario Sánchez 0-0: Ball
1-0: Called Strike
1-1: Fly out, F7 (Flyball, 78D)
Batting: RHB Derek Carr 0-0: Called Strike
0-1: Called Strike
0-2: Foul Ball, location: 2F
0-2: SINGLE (Line Drive, 9S)
Dan Wyatt to second
Runner from 2nd tries for 3rd, SAFE, throw made to third
Derek Carr to second
Batting: LHB Freddy Herrera 0-0: Swinging Strike
0-1: Fly out, F7 (Flyball, 78M)
Throwing error, E7
Dan Wyatt scores
Derek Carr to third
Batting: RHB Tom Yarbrough 0-0: Called Strike
0-1: Ground out U3 (Groundball, 3S)
Bottom of the 2nd over - 1 run(s), 2 hit(s), 1 error(s), 1 left on base; Albuquerque 1 - Calgary 2
TOP OF THE 3RD
Albuquerque Isotopes batting - Pitching for Calgary Cowboys : RHP Abraham Hes
Batting: RHB Doug Stephens 0-0: Ball
1-0: Swinging Strike
1-1: Ball
2-1: Foul Ball, location: 2F
2-2: Ball
3-2: Fly out, F8 (Line Drive, 8RD)
Batting: LHB Donald Camp 0-0: Foul Ball, location: 2F
0-1: Ball
1-1: Ball
2-1: Ground out 6-3 (Groundball, 6)
Batting: RHB Edward Young 0-0: Called Strike
0-1: Swinging Strike
0-2: Foul Ball, location: 2F
0-2: Ball
1-2: Ball
2-2: Ball
3-2: Foul Ball, location: 2F
3-2: Ground out 1-3 (Groundball, 13S)
Top of the 3rd over - 0 run(s), 0 hit(s), 0 error(s), 0 left on base; Albuquerque 1 - Calgary 2
BOTTOM OF THE 3RD
Calgary Cowboys batting - Pitching for Albuquerque Isotopes : RHP Juan Marín
Batting: RHB Clark Hodge 0-0: Swinging Strike
0-1: Foul Ball, location: 2F
0-2: Strikes out swinging
Batting: RHB Mike Wilcox 0-0: Fly out, F9 (Flyball, 9S)
Batting: RHB Ramón Martínez 0-0: Ball
1-0: Swinging Strike
1-1: Foul Ball, location: 2F
1-2: Strikes out swinging
Bottom of the 3rd over - 0 run(s), 0 hit(s), 0 error(s), 0 left on base; Albuquerque 1 - Calgary 2
TOP OF THE 4TH
Albuquerque Isotopes batting - Pitching for Calgary Cowboys : RHP Abraham Hes
Batting: LHB Mark Vestal 0-0: Called Strike
0-1: Ground out 3-1 (Groundball, 3L)
Batting: LHB Domingo Cardona 0-0: Ball
1-0: Swinging Strike
1-1: Swinging Strike
1-2: Strikes out swinging
Batting: RHB Cristián Herrera 0-0: Ground out 4-3 (Groundball, 4M)
Top of the 4th over - 0 run(s), 0 hit(s), 0 error(s), 0 left on base; Albuquerque 1 - Calgary 2
BOTTOM OF THE 4TH
Calgary Cowboys batting - Pitching for Albuquerque Isotopes : RHP Juan Marín
Batting: RHB Cristián Peña 0-0: Ball
1-0: Fly out, F8 (Flyball, 8RM)
Batting: RHB Dan Wyatt 0-0: Ball
1-0: Ball
2-0: Ball
3-0: Base on Balls
Batting: RHB Mario Sánchez 0-0: Ball
Dan Wyatt steals 2nd base
1-0: 2-RUN HOME RUN (Flyball, 7LD), Distance : 391 ft
Batting: RHB Derek Carr 0-0: Bunt for hit - play at first, batter OUT! 1-3
Batting: LHB Freddy Herrera 0-0: Foul Ball, location: 2F
0-1: Called Strike
0-2: Foul Ball, location: 2F
0-2: Strikes out swinging
Bottom of the 4th over - 2 run(s), 1 hit(s), 0 error(s), 0 left on base; Albuquerque 1 - Calgary 4
TOP OF THE 5TH
Albuquerque Isotopes batting - Pitching for Calgary Cowboys : RHP Abraham Hes
Batting: RHB Sze Qi 0-0: Called Strike
0-1: Fly out, F9 (Line Drive, 9LS)
Batting: RHB Len Burke 0-0: Ball
1-0: Ground out 6-3 (Groundball, 6)
Batting: SHB Tony McLaughlin 0-0: Ball
1-0: Foul Ball, location: 2F
1-1: Ball
2-1: Ground out 4-3 (Groundball, 4M)
Top of the 5th over - 0 run(s), 0 hit(s), 0 error(s), 0 left on base; Albuquerque 1 - Calgary 4
BOTTOM OF THE 5TH
Calgary Cowboys batting - Pitching for Albuquerque Isotopes : RHP Juan Marín
Batting: RHB Tom Yarbrough 0-0: SINGLE (Groundball, 34)
Batting: RHB Clark Hodge 0-0: Swinging Strike
0-1: Foul Ball, location: 2F
0-2: Ball
1-2: Ball
2-2: Grounds into double play, 6-4-3 (Groundball, 6)
Batting: RHB Mike Wilcox 0-0: Ball
1-0: Fly out, F5 (Popup, 56S)
Bottom of the 5th over - 0 run(s), 1 hit(s), 0 error(s), 0 left on base; Albuquerque 1 - Calgary 4
TOP OF THE 6TH
Albuquerque Isotopes batting - Pitching for Calgary Cowboys : RHP Abraham Hes
Batting: RHB Doug Stephens 0-0: Foul Ball, location: 2F
0-1: Ground out 6-3 (Groundball, 6)
Batting: LHB Donald Camp 0-0: Called Strike
0-1: Swinging Strike
0-2: Foul Ball, location: 2F
0-2: Ball
1-2: Strikes out swinging
Batting: RHB Edward Young 0-0: Ground out 1-3 (Groundball, 15S)
Top of the 6th over - 0 run(s), 0 hit(s), 0 error(s), 0 left on base; Albuquerque 1 - Calgary 4
BOTTOM OF THE 6TH
Calgary Cowboys batting - Pitching for Albuquerque Isotopes : RHP Juan Marín
Batting: RHB Ramón Martínez 0-0: Called Strike
0-1: Ball
1-1: Ball
2-1: Foul Ball, location: 2F
2-2: Strikes out swinging
Batting: RHB Cristián Peña 0-0: Ball
1-0: Ball
2-0: Ball
3-0: Called Strike
3-1: SINGLE (Line Drive, 6D)
Batting: RHB Dan Wyatt 0-0: Foul Ball, location: 2F
0-1: Fly out, F8 (Line Drive, 8RD)
Batting: RHB Mario Sánchez 0-0: Ball
1-0: Ball
2-0: Fielders Choice at 2nd, U4 (Groundball, 4M)
Bottom of the 6th over - 0 run(s), 1 hit(s), 0 error(s), 1 left on base; Albuquerque 1 - Calgary 4
TOP OF THE 7TH
Albuquerque Isotopes batting - Pitching for Calgary Cowboys : RHP Abraham Hes
Batting: LHB Mark Vestal 0-0: Ball
1-0: Foul Ball, location: 2F
1-1: Ground out 5-3 (Groundball, 56)
Batting: LHB Domingo Cardona 0-0: Ball
1-0: Called Strike
1-1: Foul Ball, location: 2F
1-2: Ball
2-2: Ball
3-2: SINGLE (Groundball, 25) (infield hit)
Batting: RHB Cristián Herrera 0-0: Foul Ball, location: 2F
0-1: Ball
1-1: Ball
2-1: Called Strike
2-2: Ball
3-2: Strikes out swinging
Domingo Cardona steals 2nd base
Batter strikes out.
Batting: RHB Sze Qi 0-0: Called Strike
0-1: Called Strike
0-2: Foul Ball, location: 2F
0-2: Strikes out swinging
Top of the 7th over - 0 run(s), 1 hit(s), 0 error(s), 1 left on base; Albuquerque 1 - Calgary 4
BOTTOM OF THE 7TH
Calgary Cowboys batting - Pitching for Albuquerque Isotopes : RHP Juan Marín
Batting: RHB Derek Carr 0-0: Called Strike
0-1: Foul Ball, location: 2F
0-2: Ball
1-2: Strikes out swinging
Batting: LHB Freddy Herrera 0-0: Called Strike
0-1: Ball
1-1: DOUBLE (Line Drive, 9LS)
Batting: RHB Tom Yarbrough 0-0: Ball
1-0: Called Strike
1-1: Foul Ball, location: 2F
1-2: SINGLE (Line Drive, 5D)
Freddy Herrera to third
Runner from 3rd tries for Home, SAFE, throw made home
Tom Yarbrough to second
Batting: RHB Clark Hodge 0-0: Called Strike
0-1: Ball
1-1: Foul Ball, location: 2F
1-2: Ball
2-2: Foul Ball, location: 2F
2-2: Strikes out looking
Batting: RHB Mike Wilcox 0-0: Called Strike
0-1: Foul Ball, location: 2F
0-2: DOUBLE (Groundball, 5L)
Tom Yarbrough scores
Batting: RHB Ramón Martínez 0-0: Ball
1-0: Ball
2-0: Ball
3-0: Called Strike
3-1: SINGLE (Line Drive, 7S)
Mike Wilcox to third
Runner from 3rd tries for Home, SAFE, no throw or cutoff
Pitching: RHP Rafael Trujillo
Batting: RHB Cristián Peña 0-0: Called Strike
0-1: Fielders Choice at 2nd, 5-4 (Groundball, 56)
Bottom of the 7th over - 3 run(s), 4 hit(s), 0 error(s), 0 left on base; Albuquerque 1 - Calgary 7
TOP OF THE 8TH
Albuquerque Isotopes batting - Pitching for Calgary Cowboys : RHP Abraham Hes
Batting: RHB Len Burke 0-0: Ball
1-0: Ball
2-0: Foul Ball, location: 2F
2-1: SINGLE (Line Drive, 78S)
Batting: SHB Tony McLaughlin 0-0: Fly out, F7 (Flyball, 7D)
Batting: RHB Doug Stephens 0-0: Foul Ball, location: 2F
0-1: Ball
1-1: Ball
2-1: DOUBLE (Line Drive, 9LM)
Len Burke to third
Runner from 3rd tries for Home, SAFE, no throw or cutoff
Batting: LHB Donald Camp 0-0: Ball
1-0: Swinging Strike
1-1: Ball
2-1: Foul Ball, location: 2F
Balk!
Doug Stephens to third
2-2: Ball
3-2: Base on Balls
Pitching: LHP Alfredo Durán
Batting: RHB Edward Young 0-0: Ball
1-0: Foul Ball, location: 2F
1-1: SINGLE (Line Drive, 8LS)
Doug Stephens scores
Donald Camp to second
Batting: LHB Mark Vestal 0-0: Called Strike
0-1: Foul Ball, location: 2F
0-2: Ball
1-2: Ball
2-2: Ball
3-2: Strikes out looking
Batting: LHB Domingo Cardona 0-0: Ball
1-0: Swinging Strike
1-1: Foul Ball, location: 2F
1-2: Ball
2-2: Ball
3-2: Base on Balls
Donald Camp to third
Edward Young to second
Pitching: RHP Eric Bell
Batting: RHB Cristián Herrera 0-0: Called Strike
0-1: Ball
Wild Pitch!
Donald Camp scores
Edward Young to third
Domingo Cardona to second
1-1: Ground out 4-3 (Groundball, 4M)
Top of the 8th over - 3 run(s), 3 hit(s), 0 error(s), 2 left on base; Albuquerque 4 - Calgary 7
BOTTOM OF THE 8TH
Calgary Cowboys batting - Pitching for Albuquerque Isotopes : RHP Rafael Trujillo
Batting: RHB Dan Wyatt 0-0: Ball
1-0: Called Strike
1-1: Swinging Strike
1-2: Ball
2-2: Ball
3-2: Strikes out looking
Batting: RHB Mario Sánchez 0-0: Ball
1-0: Called Strike
1-1: Called Strike
1-2: Ball
2-2: Strikes out swinging
Batting: RHB Derek Carr 0-0: Fly out, F3 (Popup, 3S)
Bottom of the 8th over - 0 run(s), 0 hit(s), 0 error(s), 0 left on base; Albuquerque 4 - Calgary 7
TOP OF THE 9TH
Albuquerque Isotopes batting - Pitching for Calgary Cowboys : RHP Eric Bell
Pitching: RHP Tatsuzo Harada
Batting: RHB Sze Qi 0-0: Ball
1-0: Ball
2-0: Ball
3-0: Called Strike
3-1: Base on Balls
Batting: RHB Len Burke 0-0: Called Strike
0-1: Called Strike
0-2: Ball
1-2: Strikes out swinging
Batting: SHB Tony McLaughlin 0-0: Ball
1-0: Ball
2-0: Called Strike
2-1: Called Strike
2-2: Ball
3-2: Fielders Choice at 2nd, 1-6 (Groundball, 13)
Batting: RHB Doug Stephens 0-0: Ball
1-0: Swinging Strike
1-1: Ball
2-1: Swinging Strike
2-2: Strikes out looking
Top of the 9th over - 0 run(s), 0 hit(s), 0 error(s), 1 left on base; Albuquerque 4 - Calgary 7
This league is powered by Out of the Park Baseball, the baseball management simulation game for PC, Mac and Linux
Saturday, April 9th, 2016 - OOTP Baseball 16.8 Build 38